 Dungeon Crawl Stone Soup version 0.29-a0-817-g9904bce7a6 (console) character file.

Game seed: 12704477852813597004

145 om the Firebug (level 5, -4/41 HPs)
             Began as a Hill Orc Fire Elementalist on July 5, 2022.
             Slain by Grinder (5 damage)
             ... on level 3 of the Dungeon.
             The game lasted 00:08:48 (4192 turns).

om the Firebug (Hill Orc Fire Elementalist)         Turns: 4192, Time: 00:08:49

Health: -4/41      AC:  4    Str: 10 (11) XL:     5   Next: 27%
Magic:  0/8        EV: 12    Int: 16 (17) God:
Gold:   100        SH:  5    Dex:  8 (11) Spells: 2/8 levels left

rFire   . . .      SeeInvis .   f - +0 short sword
rCold   . . .      Faith    .   (no shield)
rNeg    . . .      Spirit   .   a - +1 robe
rPois   .          Reflect  +   p - +0 helmet
rElec   .          Harm     .   (no cloak)
rCorr   .          Rampage  .   (no gloves)
Will    .....                   (no boots)
Stlth   ++........              c - amulet of reflection
HPRegen 0.13/turn               (no ring)
MPRegen 0.11/turn               (no ring)

@: hasted, very quick
A: no striking features
a: no special abilities


You were on level 3 of the Dungeon.
You visited 1 branch of the dungeon, and saw 3 of its levels.

You collected 100 gold pieces.

Inventory:

Hand Weapons
 f - a +0 short sword (weapon)
 k - the +5 spear of War {venom, *Rage +Blink rC+++ Str-3}
   (You found it on level 2 of the Dungeon)

   It poisons the flesh of those it strikes.
   Str:       It affects your strength (-3).
   rC:        It renders you almost immune to cold.
   +Blink:    It lets you blink.
   *Rage:     It berserks you when you make melee attacks (+20% chance).
Armour
 a - a +1 robe (worn)
 p - a +0 helmet (worn)
Magical Staves
 q - a staff of death
Jewellery
 c - an amulet of reflection (around neck)
Scrolls
 e - a scroll of teleportation
 h - 2 scrolls of blinking
 i - a scroll of identify {unknown}
 j - a scroll of magic mapping
 m - a scroll of fear {unknown}
 n - 2 scrolls of amnesia {unknown}
Potions
 b - a potion of magic
 d - a potion of lignification
 g - a potion of degeneration


   Skills:
 + Level 1.9 Fighting
 + Level 2.4 Dodging
 - Level 2.4 Stealth
 + Level 2.1 Spellcasting
 + Level 2.4 Conjurations
 - Level 3.5 Fire Magic


You had 2 spell levels left.
You knew the following spells:

 Your Spells              Type           Power      Damage    Failure   Level
a - Foxfire               Conj/Fire      44%        2x1d6     6%          1
b - Scorch                Fire           24%        2d6       8%          2
c - Conjure Flame         Conj/Fire      11%        6-21      19%         3

Your spell library contained the following spells:

 Spells                   Type           Power      Damage    Failure   Level
 Slow                     Hex            4%         N/A       21%         1
 Sting                    Tmut/Pois      4%         1d3       21%         1
 Poisonous Vapours        Pois/Air       2%         N/A       30%         2
 Inner Flame              Hex/Fire       7%         N/A       30%         3
 Confusing Touch          Hex            1%         N/A       52%         3
 Vampiric Draining        Necr           1%         2d6       52%         3
 Flame Wave               Conj/Fire      11%        2d5       52%         4
 Olgreb's Toxic Radiance  Pois           1%         N/A       90%         4


Dungeon Overview and Level Annotations

Branches:
Dungeon (3/15)

Altars:
Ru

Annotations:
D:3 Grinder


Message History

Confirm with . or Enter, or press ? or * to list all spells.
Flames lash the endoplasm.
The endoplasm is burned terribly!
You kill the endoplasm!
Grinder hits you.
You writhe in agony.
Casting: Scorch (safe; 7% risk of failure)
Confirm with . or Enter, or press ? or * to list all spells.
Flames lash Grinder.
Grinder is lightly wounded.
Grinder's fire resistance burns away.
Grinder hits you.
You writhe in agony.
You are too injured to fight recklessly!
Casting: Foxfire (safe; 5% risk of failure)
Press: ? - help, Q - select action, (/) - cycle Dir - look around, f - activate You conjure some foxfire!
Grinder hits you!
* * * LOW HITPOINT WARNING * * *
You writhe in agony.
* * * LOW HITPOINT WARNING * * *
Casting: Foxfire (safe; 5% risk of failure)
Press: ? - help, Q - select action, (/) - cycle Dir - look around, f - activate You conjure some foxfire!
The foxfire hits Grinder.
Grinder is burned terribly!
Grinder is lightly wounded.
Grinder hits you but does no damage.
Grinder is no longer more vulnerable to fire.
The foxfire hits Grinder.
Grinder is moderately wounded.
The foxfire hits Grinder.
Grinder is moderately wounded.
The foxfire hits Grinder.
Grinder is heavily wounded.
Grinder gestures at you. Pain shoots through your body!
* * * LOW HITPOINT WARNING * * *
It was a potion of degeneration.
There was something very wrong with that liquid.
You feel weakened.
You feel dopey.
You feel clumsy.
It was a potion of haste.
You feel yourself speed up. Grinder hits you.
* * * LOW HITPOINT WARNING * * *
You writhe in agony.
You die...

#.######....# #.# #.#
#........##.# #.# #.#
#####.......# #.#
##.#######.###.#
##.#..≈≈≈..#.##.#
##.#..≈...≈..#.#.###.#
#.#...≈._.≈...#......#
...#..≈...≈..#..#######
###.#..≈≈≈..#.........#
....†#######....#####.#
###....[........@.#
######.#.....5#.#
####### #.....!....#
.....# #........#.#
###....#..........#.#
..+....#/#.#...##(# #
..#....#....... ..
#.#.<..#.#..... .##
..'....# ###### ##
#.#....# #.+....#


You could see Grinder.

Vanquished Creatures
  An orc wizard (D:3)
  Robin (D:3)
  3 adders
  3 orcs (D:3)
  5 ball pythons
  3 bats
  10 endoplasms
  3 giant cockroaches
  4 goblins
  12 hobgoblins
  4 jackals (D:1)
  4 kobolds
  2 quokkas
  3 frilled lizards (D:1)
  2 rats (D:1)
60 creatures vanquished.

Vanquished Creatures (collateral kills)
  An adder (D:2)
1 creature vanquished.

Vanquished Creatures (others)
  145 foxfires
145 creatures vanquished.

Grand Total: 206 creatures vanquished

Notes
Turn   | Place    | Note
-------+----------+-------------------------------------------
     0 | D:1      | om the Hill Orc Fire Elementalist began the quest for the
                  | Orb.
     0 | D:1      | Reached XP level 1. HP: 14/14 MP: 3/3
   371 | D:1      | Reached XP level 2. HP: 20/20 MP: 1/4
  1149 | D:1      | Reached XP level 3. HP: 26/26 MP: 1/5
  2125 | D:2      | Identified the +5 spear of War {venom, *Rage +Blink rC+++
                  | Str-3}
  2533 | D:2      | Reached skill level 1 in Fighting
  2533 | D:2      | Reached XP level 4. HP: 35/35 MP: 4/7
  2613 | D:2      | Found a sacrificial altar of Ru.
  3552 | D:3      | Found a faded altar of an unknown god.
  3591 | D:3      | Found a sacrificial altar of Ru.
  3595 | D:3      | Reached XP level 5. HP: 41/41 MP: 4/8
  3920 | D:3      | Noticed Robin
  3932 | D:3      | Learned a level 2 spell: Scorch
  3936 | D:3      | Learned a level 3 spell: Conjure Flame
  3963 | D:3      | Killed Robin
  4182 | D:3      | Noticed Grinder
  4192 | D:3      | HP: 1/41 [Grinder (2)]
  4192 | D:3      | Slain by Grinder

Illustrated notes

Levels and vault maps discovered:
D:1:      lightli_arrival_boilingwater, layout_basic,
          minmay_misc_feat_diagonals, hex_intersection
D:2:      layout_basic, basic_altar
D:3:      layout_basic, nicolae_ru_awakened_eye,
          shapermc_ecumenical_altar_totnotflames, nicolae_underground_beach,
          uniq_robin, uniq_grinder

Skill      XL: |  1  2  3  4 |
---------------+-------------+-----
Stealth        | 2 |  2.4
Dodging        | 2 |  2.4
Spellcasting   | 2 |  2.1
Fighting       | 1 |  1.9
Conjurations   | 2 |  2.4
Fire Magic     | |  3.5

Action                   |  1- 3 |  4- 6 || total
-------------------------+-------+-------++-------
Melee: Unarmed           |    16 |       ||    16
       Short sword       |    41 |    76 ||   117
       Punch             |     2 |       ||     2
 Cast: Foxfire           |    47 |    33 ||    80
       Scorch            |       |     6 ||     6
  Use: Scroll            |     3 |     3 ||     6
       Potion            |       |     3 ||     3
 Stab: Sleeping          |     3 |     1 ||     4
Armor: Robe              |    11 |     8 ||    19
       Skin              |       |    32 ||    32
Dodge: Dodged            |    50 |    35 ||    85
Block: Other             |     1 |    17 ||    18

Table legend: (Time is in decaauts)
 A = Elapsed time spent in this place.
 B = Non-inter-level travel time spent in this place.
 C = Inter-level travel time spent in this place.
 D = Time resting spent in this place.
 E = Time spent auto-exploring this place.
 F = Levels seen in this place.
 G = Mean time per level.
                   A        B        C        D        E       F      G
               +--------+--------+--------+--------+--------+-----+--------+
         Total |   4205 |   4140 |     65 |   1617 |   1912 |   3 | 1401.7 |
       Dungeon |   4205 |   4140 |     65 |   1617 |   1912 |   3 | 1401.7 |
               +--------+--------+--------+--------+--------+-----+--------+

Top non-repeatable levels by time:
     D:1: 2000 daAuts
     D:3: 1190 daAuts
     D:2: 1014 daAuts
